Map: Polka LE

Players

qqq - Winner!

  • Race: Zerg Zerg
  • Spawn Location: 5:00

Massa - Winner!

  • Race: Terran Terran
  • League: Platinum
  • Spawn Location: 5:00

Butch

  • Race: Protoss Protoss
  • League: Platinum
  • Spawn Location: 11:00

leMaître

  • Race: Zerg Zerg
  • League: Gold
  • Spawn Location: 11:00

VOD

Have the link to the VOD?

Description

Time

  • Played on: Nov. 10, 2020, 3 p.m.
  • Length: 5:20
Show
View Real Time Build Order
Export as new Build Order

qqq Zerg - Winner!

Build Orders: Hatch First 

Get SALT Encoding   

  12  0:00  Drone  
  13  0:17  Drone  
  14  0:36  Hatchery  
  14  0:41  Drone  
  14  0:57  Spawning Pool  
  13  1:05  Overlord  
  13  1:09  Drone  
  14  1:21  Extractor  
  14  1:22  Drone  
  14  1:26  Drone  
  15  1:34  Drone  
  16  1:42  Drone  
  16  1:45  Queen  
  19  1:50  Drone  
  19  1:52  Drone  
  21  2:00  Queen  
  23  2:13  Zergling x2  
  23  2:15  Overlord  
  24  2:16  Drone  
  24  2:18  Drone  
  24  2:21  Zergling x2  
  27  2:26  Zergling x2  
  28  2:36  Extractor  
  27  2:39  Zergling x2  
  27  2:40  Zergling x2  
  27  2:43  Metabolic Boost  
  29  2:45  Zergling x2  
  29  2:47  Zergling x2  
  31  2:56  Zergling x2  
  31  2:57  Zergling x2, Overlord  
  33  3:00  Zergling x2  
  34  3:18  Zergling x2  
  35  3:21  Drone  
  35  3:22  Baneling Nest  
  35  3:26  Zergling x8  
  39  3:27  Zergling x2  
  39  3:32  Zergling x2  
  42  3:34  Zergling x2  
  42  3:45  Zergling x4  
  42  3:47  Overlord  
  44  4:03  Lair  
  44  4:04  Overlord  
  44  4:06  Drone  
  42  4:18  Zergling x4  
  42  4:19  Zergling x2  
  42  4:21  Zergling x4  
  46  4:32  Zergling x2  
  46  4:33  Zergling x4  
  46  4:34  Zergling x2  
  47  4:41  Zergling x2  
  44  5:02  Zergling x4  
  44  5:03  Zergling x4  
Show
View Real Time Build Order
Export as new Build Order

Massa Terran - Winner!

Build Orders: 2 Factory 

Get SALT Encoding   

  12  0:00  SCV  
  13  0:13  SCV  
  14  0:24  Supply Depot  
  14  0:25  SCV  
  15  0:37  Refinery  
  15  0:46  SCV  
  15  0:49  Barracks  
  16  0:58  SCV  
  17  1:10  SCV  
  18  1:22  SCV  
  18  1:25  Refinery  
  19  1:34  SCV  
  20  1:46  SCV  
  21  1:49  Reaper  
  21  1:50  Command Center  
  22  2:02  Factory  
  22  2:10  Supply Depot  
  22  2:13  SCV  
  23  2:27  Orbital Command  
  23  2:32  Marine  
  24  2:42  Factory  
  24  3:02  Hellion  
  26  3:20  Orbital Command, SCV  
  26  3:23  Hellion  
  29  3:28  Factory Tech Lab  
  29  3:29  Barracks Reactor  
  29  3:33  SCV  
  30  3:34  Barracks  
  30  3:45  Hellion  
  32  3:54  SCV  
  33  4:01  Command Center  
  33  4:03  Supply Depot  
  33  4:06  Widow Mine  
  35  4:56  Widow Mine x2  
Show
View Real Time Build Order
Export as new Build Order

Butch Protoss 

Build Orders: 1 Gate Expand, Blink Stalkers 

Get SALT Encoding   

  12  0:00  Probe  
  13  0:12  Probe  
  14  0:21  Pylon  
  14  0:25  Probe  
  15  0:41  Gateway  
  15  0:43  Probe (Chrono Boost)  
  16  0:52  Probe (Chrono Boost)  
  16  0:55  Gateway  
  17  0:59  Assimilator  
  17  1:29  Nexus  
  17  1:38  Probe (Chrono Boost)  
  17  1:39  Cybernetics Core  
  18  1:50  Probe (Chrono Boost)  
  18  1:53  Assimilator  
  19  2:01  Probe, Pylon  
  20  2:13  Probe (Chrono Boost)  
  21  2:16  Warp Gate  
  21  2:22  Twilight Council  
  21  2:25  Probe (Chrono Boost)  
  22  2:36  Probe (Chrono Boost)  
  23  2:41  Probe (Chrono Boost)  
  25  2:49  Probe (Chrono Boost)  
  25  2:50  Stalker x2  
  25  2:51  Probe (Chrono Boost)  
  30  2:56  Pylon  
  30  3:07  Blink (Chrono Boost)  
  30  3:17  Probe  
  31  3:29  Probe, Pylon  
  32  3:37  Gateway  
  32  3:41  Probe (Chrono Boost)  
  32  3:45  Gateway  
  33  3:53  Assimilator  
  33  3:54  Probe (Chrono Boost)  
  34  4:05  Stalker  
  34  4:06  Zealot  
  30  4:33  Pylon  
  30  4:35  Pylon  
  28  4:44  Zealot x2  
  28  4:45  Zealot x2  
Show
View Real Time Build Order
Export as new Build Order

leMaître Zerg 

Build Orders: Hatch First 

Get SALT Encoding   

  12  0:00  Drone  
  13  0:13  Overlord  
  13  0:16  Drone  
  14  0:31  Drone x2  
  16  0:50  Hatchery  
  16  0:52  Drone  
  16  0:56  Drone  
  17  1:00  Drone  
  18  1:04  Extractor  
  17  1:17  Spawning Pool  
  16  1:19  Drone  
  16  1:23  Drone  
  18  1:28  Drone  
  19  1:39  Drone  
  20  1:50  Overlord  
  20  2:05  Queen x2  
  20  2:06  Zergling x4  
  26  2:11  Drone  
  27  2:20  Drone  
  28  2:23  Drone  
  29  2:31  Drone  
  30  2:38  Drone x2  
  32  2:50  Drone x2  
  34  2:57  Queen, Overlord  
  34  2:58  Overlord  
  36  3:21  Drone x2  
  36  3:22  Drone x6  
  36  3:25  Lair  
  44  3:29  Evolution Chamber  
  44  3:30  Roach Warren  
  44  3:33  Extractor x2, Drone x2  
  42  3:47  Drone x3  
  45  3:55  Drone x4  
  48  3:56  Drone  
  50  4:10  Roach  
  50  4:11  Roach  
  50  4:14  Zergling x4  
  44  4:24  Zergling x8  
  44  4:25  Zergling x6  
  44  4:30  Queen  
  45  4:31  Roach  
Tags
 
Add a new tag
Caveats
  • Supply blocks, unpowered buildings, or Contaminate may cause inaccurate times.
  • Supply counts are checked every 10 seconds.